 Dungeon Crawl Stone Soup version 0.30.1-9-gdf580d7c3d (webtiles) character file.

Game seed: 12131267997996978672

8082 KittyFluff the Protected (level 11, -4/102 HPs)
             Began as a Gargoyle Berserker on Oct 6, 2023.
             Was a High Priest of Trog.
             Slain by an orc warlord
             ... wielding a +5 battleaxe
              (16 damage)
             ... in a bailey.
             The game lasted 00:45:34 (8836 turns).

KittyFluff the Protected (Gargoyle Berserker)       Turns: 8836, Time: 00:45:34

Health: -4/102     AC: 22    Str: 25    XL:     11   Next: 25%
Magic:  11/11      EV: 15    Int:  9    God:    Trog [*****.]
Gold:   434        SH:  0    Dex: 17    Spells: 10/10 levels left

rFire   . . .        a - +1 mace (drain)
rCold   . . .        (no shield)
rNeg    + . .        z - +1 leather armour of the Sailor {Str+3 SInv}
rPois   ∞            x - +0 helmet
rElec   +            c - scarf {+Inv}
rCorr   .            B - +0 pair of gloves
SInv    +            K - +0 pair of boots
Will    .....        (no amulet) Stlth
                     o - +4 ring of protection
HPRegen 0.37/turn    f - +6 ring of dexterity
MPRegen 0.12/turn

%: no passive effects
@: berserking, very quick
A: sickness immunity, AC +8, negative energy resistance 1, electricity
resistance, torment resistance 1, petrification resistance
a: Renounce Religion, Evoke Invisibility, Berserk, Trog's Hand, Brothers in Arms


You were in a bailey.
You worshipped Trog.
Trog was extremely pleased with you.
You visited 1 branch of the dungeon, and saw 10 of its levels.
You also visited: Bailey.

You collected 434 gold pieces.

Inventory:

Hand Weapons
 a - a +1 mace of draining (weapon)
 y - a +0 quarterstaff
 H - a +2 whip of electrocution
 J - a +5 mace
 L - a +0 shortbow of flaming
Missiles
 t - 8 poisoned darts (quivered)
 v - 7 throwing nets
 E - 4 boomerangs
 M - a curare-tipped dart
Armour
 c - a scarf of invisibility (worn)
 x - a +0 helmet (worn)
 z - the +1 leather armour of the Sailor (worn) {Str+3 SInv}
   (You found it on level 4 of the Dungeon)

   Str:       It affects your strength (+3).
   SInv:      It lets you see invisible.
 A - the +0 chain mail of Lust {rC+}
   (You found it on level 8 of the Dungeon)

   rC:        It protects you from cold.
 B - a +0 pair of gloves (worn)
 K - a +0 pair of boots (worn)
Jewellery
 e - a ring of see invisible
 f - a +6 ring of dexterity (right hand)
 i - a ring of fire
 o - a +4 ring of protection (left hand)
 I - a ring of protection from cold
Wands
 u - a wand of charming (21)
 O - a wand of flame (15)
Scrolls
 d - 5 scrolls of teleportation
 g - 4 scrolls of enchant armour
 h - 3 scrolls of fear {unknown}
 l - 2 scrolls of blinking {unknown}
 m - 3 scrolls of amnesia {unknown}
 p - 4 scrolls of poison {unknown}
 C - a scroll of immolation
 D - 2 scrolls of torment
 G - 2 scrolls of enchant weapon
Potions
 b - a potion of heal wounds
 j - a potion of berserk rage {unknown}
 k - 3 potions of resistance
 n - 5 potions of curing
 q - a potion of cancellation {unknown}
 r - 2 potions of attraction {unknown}
 s - a potion of lignification {unknown}
 w - 3 potions of degeneration {unknown}
 F - a potion of flight {unknown}
 N - a potion of haste {unknown}


   Skills:
 + Level 8.3 Fighting
 * Level 10.5 Maces & Flails
 * Level 11.1 Armour
 + Level 6.0 Dodging


You had 10 spell levels left.
You didn't know any spells.
Your spell library was empty.

Dungeon Overview and Level Annotations

Branches:
Dungeon (10/15)            Temple (0/1) D:4          Bailey (1/1)
   Lair: D:8-11         Orc: D:9-12

Altars:
Ashenzari
Cheibriados
Qazlal
Trog
Vehumet

Shops:
D:7 :


Innate Abilities, Weirdness & Mutations

You are immune to sickness and miasma.
Your stone body is resilient. (AC +8)
You are immune to poison.
You resist negative energy. (rN+)
You are resistant to electric shocks. (rElec)
You are resistant to unholy torment.
You are immune to petrification.


Message History

Press: ? - help, Q - select action, (/) - cycle Shift-Dir - straight line, f - hobgoblin
Aim: a hobgoblin, wielding a +0 hand axe and wearing a +0 leather armour (lightly wounded, 64% to hit)
You shoot an arrow. The arrow closely misses the hobgoblin.
Fire: L) +0 shortbow (flame)
Press: ? - help, Q - select action, (/) - cycle Shift-Dir - straight line, f/p - hobgoblin
Aim: a hobgoblin, wielding a +0 hand axe and wearing a +0 leather armour (lightly wounded, 64% to hit)
You shoot an arrow. The arrow hits the hobgoblin!
The arrow burns the hobgoblin.
You kill the hobgoblin!
Trog accepts your kill.
Your +0 shortbow of flaming stops flaming.
You sense an unholy aura.
a - a +1 mace of draining (weapon)
You hit the orc warlord. You drain the orc warlord.
The orc warlord is lightly wounded.
An orc warrior comes into view. It is wielding a +0 hand axe.
The orc warlord hits you with a +5 battleaxe!
You sock the orc warlord! You drain the orc warlord.
The orc warlord is moderately wounded.
The orc warlord hits you with a +5 battleaxe!!
A red film seems to cover your vision as you go berserk!
You feel yourself moving faster!
You feel mighty!
The orc warlord hits you with a +5 battleaxe!!
* * * LOW HITPOINT WARNING * * *
You barely miss the orc warlord.
The orc warlord is moderately wounded.
You thump the orc warlord! You drain the orc warlord.
The orc warlord is moderately wounded.
You hit the orc warlord.
The orc warlord is moderately wounded.
The orc warlord hits you with a +5 battleaxe.
* * * LOW HITPOINT WARNING * * *
You sock the orc warlord! You drain the orc warlord.
The orc warlord is heavily wounded.
You closely miss the orc warlord.
The orc warlord is heavily wounded.
The orc warrior hits you with a +0 hand axe.
* * * LOW HITPOINT WARNING * * *
The orc warlord hits you with a +5 battleaxe!
You die...

# .........8 #
....⌠.... #
......... #
.....).. # ......
### ## ..)###.###
###. #o#.....###
###...
##@o.......###.....
#...........#......
#...........#.....)
#.....⌠.....#.....)
#..)........'......
#...........#))....
##.........###)....
###.....### ###...
###.### ###.


You could see an orc warlord (drained) and an orc warrior (strong).

Vanquished Creatures
  Erica (D:8)
  A two-headed ogre (D:10)
  Pikel (D:6)
  Joseph (D:8)
  A kobold demonologist (D:10)
  A komodo dragon (D:9)
  A shadow (D:10)
  A vampire (D:9)
  3 yaks
  2 water moccasins
  4 ice beasts
  3 black bears
  6 orc warriors
  2 centaurs (D:8)
  2 ogres
  A lemure (D:6)
  3 phantoms
  A kobold brigand (D:9)
  2 gnoll sergeants
  3 bullfrogs
  5 scorpions
  5 wights
  9 killer bees
  2 electric eels (D:6)
  A howler monkey (D:10)
  7 hounds
  6 orc priests
  2 gnoll boudas (D:7)
  2 jellies (D:5)
  3 sleepcaps
  Terence (D:3)
  4 iguanas
  11 orc wizards
  Robin (D:3)
  28 gnolls
  9 adders
  A white imp (D:5)
  An ufetubus (D:4)
  2 worms
  33 orcs
  8 ball pythons
  7 bats
  5 endoplasms
  3 giant cockroaches (D:2)
  28 goblins
  16 hobgoblins
  13 kobolds
  6 quokkas
  4 frilled lizards
  5 rats
268 creatures vanquished.

Notes
Turn   | Place    | Note
-------+----------+-------------------------------------------
     0 | D:1      | KittyFluff the Gargoyle Berserker began the quest for the
                  | Orb.
     0 | D:1      | Reached XP level 1. HP: 14/14 MP: 1/1
   254 | D:1      | Reached XP level 2. HP: 17/19 MP: 2/2
   426 | D:1      | Found a faded altar of an unknown god.
   788 | D:2      | Reached XP level 3. HP: 23/23 MP: 3/3
   900 | D:2      | Reached skill level 3 in Armour
  1022 | D:2      | Reached XP level 4. HP: 14/29 MP: 4/4
  1100 | D:2      | Reached ** piety under Trog
  1651 | D:3      | Reached XP level 5. HP: 7/33 MP: 5/5
  1807 | D:3      | Reached skill level 4 in Armour
  2089 | D:3      | Noticed Terence
  2102 | D:3      | Killed Terence
  2103 | D:3      | Reached XP level 6. HP: 32/38 MP: 6/6
  2289 | D:3      | Noticed Robin
  2291 | D:3      | Found a snail-covered altar of Cheibriados.
  2453 | D:3      | Killed Robin
  2682 | D:4      | Reached *** piety under Trog
  2736 | D:4      | Identified the +1 leather armour of the Sailor {Str+3 SInv}
  2847 | D:4      | Reached skill level 5 in Maces & Flails
  2847 | D:4      | Reached skill level 5 in Armour
  2847 | D:4      | Reached XP level 7. HP: 33/44 MP: 7/7
  2988 | D:4      | Found a staircase to the Ecumenical Temple.
  3272 | D:5      | Entered Level 5 of the Dungeon
  3469 | D:5      | Reached skill level 5 in Fighting
  3471 | D:5      | Reached XP level 8. HP: 45/49 MP: 8/8
  3548 | D:5      | Reached skill level 6 in Armour
  3743 | D:5      | Reached **** piety under Trog
  3958 | D:5      | Found a broken altar of Ashenzari.
  4250 | D:6      | Reached skill level 7 in Armour
  4711 | D:6      | Reached XP level 9. HP: 38/55 MP: 9/9
  5284 | D:7      | Reached skill level 8 in Armour
  5326 | D:7      | Noticed Pikel
  5457 | D:6      | Killed Pikel
  5759 | D:7      | Found a stormy altar of Qazlal.
  5809 | D:7      | Reached skill level 9 in Armour
  5868 | D:7      | Reached XP level 10. HP: 48/61 MP: 10/10
  5996 | D:7      | Found Bacuaj's Book Shoppe.
  6373 | D:8      | Noticed Joseph
  6415 | D:8      | Killed Joseph
  6416 | D:8      | Reached skill level 5 in Dodging
  6921 | D:8      | Identified the +0 chain mail of Lust {rC+}
  6929 | D:8      | Found a bloodstained altar of Trog.
  6929 | D:8      | Found a radiant altar of Vehumet.
  7075 | D:8      | Noticed Erica
  7089 | D:8      | Killed Erica
  7090 | D:8      | Reached skill level 10 in Armour
  7635 | D:9      | Reached ***** piety under Trog
  8023 | D:9      | Reached skill level 10 in Maces & Flails
  8329 | D:10     | Entered Level 10 of the Dungeon
  8347 | D:10     | Noticed a two-headed ogre
  8362 | D:10     | Killed a two-headed ogre
  8363 | D:10     | Reached XP level 11. HP: 40/68 MP: 11/11
  8601 | D:10     | Found a flagged portal.
  8605 | D:10     | Reached skill level 11 in Armour
  8617 | Bailey   | Entered a bailey
  8823 | Bailey   | Noticed an orc warlord
  8836 | Bailey   | Slain by an orc warlord

Illustrated notes

Levels and vault maps discovered:
D:1:      dpeg_arrival_boxes_within_box, layout_rooms,
          ebering_ecumenical_altar_abandoned, minmay_tetromino_o4
D:2:      layout_basic, serial_curves, eino_curves_04, eino_curves_04,
          kennysheep_decorative_pillar, minmay_misc_feat_four_crosses,
          minmay_misc_feat_tower, minivault_25, hangedman_decor_push
D:3:      layout_loops_ring, cheibriados_altar_1, uniq_terence, uniq_robin
D:4:      layout_cave_pools, minmay_temple_entry_sparse_star, item_on_display_a
D:5:      layout_basic, minmay_parallelograms, kennysheep_diamond,
          minmay_misc_feat_doors
D:6:      layout_basic, corexii_item_surrounded_by_moat, kennysheep_potato
D:7:      layout_cave_pools, kennysheep_mini, serial_shops,
          nicolae_shop_tiny_statue_garden, kennysheep_generic_room_4, uniq_pikel
D:8:      layout_basic, nicolae_overflow_two_pavilions, uniq_joseph, uniq_erica
D:9:      layout_basic
D:10:     layout_loops_ring, dpeg_lair_monsters, enter_bailey_3
Bailey:   bailey_axe_minmay_hex_keep, bailey

Skill      XL: |  1  2  3  4  5  6  7  8  9 10 11 |
---------------+----------------------------------+-----
Armour         | 3 4 5 7 9 10 11 | 11.1
Dodging        | 2 3 4 5 6 |  6.0
Maces & Flails | 4 5 7 8 10 | 10.5
Fighting       | 4 5 6 8 |  8.3

Action                     |  1- 3 |  4- 6 |  7- 9 | 10-12 || total
---------------------------+-------+-------+-------+-------++-------
  Melee: Mace              |    97 |   228 |   359 |   377 ||  1061
         Punch             |       |     2 |     6 |     4 ||    12
   Fire: Shortbow          |       |       |       |    35 ||    35
 Invoke: Berserk           |     2 |     3 |     2 |     1 ||     8
    Use: Scroll            |       |       |     1 |     7 ||     8
   Stab: Sleeping          |     2 |       |       |       ||     2
 Armour: Animal skin       |    14 |       |       |       ||    14
         Leather armour    |    15 |   116 |   164 |   222 ||   517
  Dodge: Dodged            |    64 |   181 |   241 |   355 ||   841
